 Dungeon Crawl Stone Soup version 0.29-a0-362-g5854e031c7 (webtiles) character file.

Game seed: 17557418031861543403

289 Jimi the Skirmisher (level 6, -17/52 HPs)
             Began as a Draconian Berserker on Apr 29, 2022.
             Was a Believer of Trog.
             Demolished by an ogre
             ... wielding a +0 giant club
              (23 damage)
             ... on level 4 of the Dungeon.
             The game lasted 00:22:06 (2351 turns).

Jimi the Skirmisher (Draconian Berserker)           Turns: 2351, Time: 00:22:06

Health: -17/52     AC:  6    Str: 19    XL:     6   Next: 9%
Magic:  6/6        EV: 13    Int:  8    God:    Trog [**....]
Gold:   1274       SH:  0    Dex: 12    Spells: 5/5 levels left

rFire   . . .      SeeInvis .   j - +2 dagger (freeze)
rCold   . . .      Faith    .   (no shield)
rNeg    . . .      Spirit   .   (body armour unavailable)
rPois   .          Reflect  .   (helmet restricted)
rElec   .          Harm     .   (no cloak)
rCorr   .          Rampage  .   (no gloves)
Will    .....                   (no boots)
Stlth   +.........              (no amulet)
HPRegen 0.17/turn               (no ring)
MPRegen 0.10/turn               (no ring)

@: no status effects
A: AC +6, unfitting armour, cold-blooded
a: Renounce Religion, Berserk, Trog's Hand


You were on level 4 of the Dungeon.
You worshipped Trog.
Trog was pleased with you.
You visited 1 branch of the dungeon, and saw 4 of its levels.

You collected 1274 gold pieces.

Inventory:

Hand Weapons
 a - a +0 mace
 g - a +0 club
 j - a +2 dagger of freezing (weapon)
Missiles
 b - a poisoned dart (quivered)
Armour
 f - a +0 leather armour
 o - a +0 ring mail
 s - a +0 helmet
Wands
 m - a wand of polymorph (8)
Scrolls
 c - a scroll of silence
 d - 5 scrolls of teleportation
 i - a scroll of blinking
 p - a scroll of torment {unknown}
 q - a scroll of immolation {unknown}
Potions
 e - 2 potions of invisibility
 h - 2 potions of heal wounds
 k - a potion of flight {unknown}
 l - a potion of attraction {unknown}
 n - a potion of haste


   Skills:
 + Level 4.3 Fighting
 + Level 1.8 Short Blades
 + Level 3.9 Maces & Flails
 + Level 2.7 Throwing
 + Level 3.6 Dodging
 + Level 0.8 Stealth


You had 5 spell levels left.
You didn't know any spells.
Your spell library contained the following spells:

 Spells                   Type           Power      Damage    Failure   Level
 Corpse Rot               Necr/Air       0%         N/A       54%         2
 Poisonous Vapours        Pois/Air       0%         N/A       54%         2


Dungeon Overview and Level Annotations

Branches:
Dungeon (3/15)

Altars:

Annotations:
D:4 Blork the orc


Innate Abilities, Weirdness & Mutations

Your plain brown scales are hard. (AC +6)
You cannot fit into any form of body armour.
You are cold-blooded and may be slowed by cold attacks.


Message History

You closely miss the scorpion.
The scorpion is moderately wounded.
The scorpion barely misses you.
You hit the scorpion. You freeze the scorpion.
The scorpion is heavily wounded.
The scorpion closely misses you.
You hit the scorpion. You freeze the scorpion.
The scorpion is almost dead.
You kill the scorpion!
Trog accepts your kill.
You have reached level 6!
Your scales feel tougher.
b - a poisoned dart
Found an escape hatch in the floor.
There is a stone staircase leading up here.
An ogre comes into view. It is wielding a +0 giant club.
There is an escape hatch in the floor here.
You hit the ogre. You freeze the ogre.
The ogre is moderately wounded.
The ogre closely misses you.
You hit the ogre. You freeze the ogre.
The ogre is moderately wounded.
You hit the ogre. You freeze the ogre.
The ogre is severely wounded.
The ogre barely misses you.
You hit the ogre. You freeze the ogre.
The ogre is severely wounded.
You barely miss the ogre.
Your tail-slap misses the ogre.
The ogre is severely wounded.
The ogre hits you with a +0 giant club!
You hit the ogre. You freeze the ogre. You tail-slap the ogre.
The ogre is almost dead.
The ogre hits you with a +0 giant club!!
Ouch! That really hurt!
* * * LOW HITPOINT WARNING * * *
Blork the orc comes into view.
He is wielding a +0 long sword of flaming.
You barely miss the ogre.
The ogre is almost dead.
The ogre hits you with a +0 giant club!!
You die...

..###... #.#
.......####.#####.#
.########.........# .#
#..#>###### .# #....#
.########...## #
.........<..# ..#
#########..########.....
#......O@.......
#.########...... #..
#...# ### #.o #


You could see Blork the orc (asleep) and an ogre.

Vanquished Creatures
  A necrophage (D:4)
  A scorpion (D:4)
  Natasha (thrice) (D:4)
  A gnoll (D:1)
  3 adders
  A white imp (D:3)
  3 worms
  3 orcs (D:4)
  6 ball pythons
  6 endoplasms
  3 goblins (D:1)
  A hobgoblin (D:2)
  7 jackals
  3 kobolds
  2 quokkas
  2 bats
  3 frilled lizards
  A rat (D:3)
50 creatures vanquished.

Vanquished Creatures (others)
  A fungus (D:1)
  2 plants (D:1)
3 creatures vanquished.

Grand Total: 53 creatures vanquished

Notes
Turn   | Place    | Note
-------+----------+-------------------------------------------
     0 | D:1      | Jimi the Draconian Berserker began the quest for the Orb.
     0 | D:1      | Reached XP level 1. HP: 19/19 MP: 1/1
   285 | D:1      | Identified a scroll of acquirement
   288 | D:1      | Acquired 1162 gold pieces
   364 | D:1      | Reached XP level 2. HP: 26/26 MP: 2/2
   861 | D:2      | Reached XP level 3. HP: 33/33 MP: 3/3
  1324 | D:3      | Reached ** piety under Trog
  1383 | D:3      | Reached skill level 1 in Throwing
  1770 | D:3      | You fall into a shaft and drop 1 floor!
  1839 | D:4      | Noticed Natasha
  1844 | D:4      | Killed Natasha
  1845 | D:4      | Reached XP level 4. HP: 40/40 MP: 4/4
  1947 | D:4      | Noticed Natasha
  1953 | D:4      | Killed Natasha
  1972 | D:4      | Noticed Natasha
  1984 | D:4      | Killed Natasha
  1985 | D:4      | Reached skill level 4 in Fighting
  1985 | D:4      | Reached XP level 5. HP: 35/46 MP: 5/5
  2068 | D:4      | Reached skill level 1 in Short Blades
  2318 | D:4      | Reached XP level 6. HP: 42/52 MP: 6/6
  2350 | D:4      | Noticed Blork the orc
  2351 | D:4      | Demolished by an ogre

Illustrated notes

Levels and vault maps discovered:
D:1:      lemuel_arrival_muddy, layout_loops_ring,
          dilly_ecumenical_altar_fadedgnrine, minmay_door_square, eino_curves_04
D:2:      layout_loops_corners
D:3:      minmay_roachtagon, layout_loops_ring, st_stairs_13
D:4:      layout_loops_ring, st_stairs_3, kennysheep_path_1, uniq_natasha,
          uniq_blork_the_orc

Skill      XL: |  1  2  3  4  5 |
---------------+----------------+-----
Dodging        | 3 |  3.6
Throwing       | 1 2 |  2.7
Fighting       | 4 |  4.3
Short Blades   | 1 |  1.8
Maces & Flails | |  3.9
Stealth        | |  0.8

Action                   |  1- 3 |  4- 6 || total
-------------------------+-------+-------++-------
Melee: Mace              |    16 |       ||    16
       Tailslap          |     8 |     9 ||    17
       Punch             |     1 |       ||     1
       Dagger            |    54 |    79 ||   133
Throw: Dart              |    26 |     8 ||    34
       Boomerang         |     6 |       ||     6
Invok: Berserk           |     3 |       ||     3
  Use: Scroll            |     9 |     1 ||    10
       Potion            |     2 |       ||     2
Armor: Skin              |    19 |    20 ||    39
Dodge: Dodged            |    48 |    40 ||    88

Table legend: (Time is in decaauts)
 A = Elapsed time spent in this place.
 B = Non-inter-level travel time spent in this place.
 C = Inter-level travel time spent in this place.
 D = Time resting spent in this place.
 E = Time spent auto-exploring this place.
 F = Levels seen in this place.
 G = Mean time per level.
                   A        B        C        D        E       F      G
               +--------+--------+--------+--------+--------+-----+--------+
         Total |   2390 |   2377 |     13 |      0 |    458 |   4 |  597.5 |
       Dungeon |   2390 |   2377 |     13 |      0 |    458 |   4 |  597.5 |
               +--------+--------+--------+--------+--------+-----+--------+

Top non-repeatable levels by time:
     D:1: 734 daAuts
     D:4: 595 daAuts
     D:2: 554 daAuts
     D:3: 505 daAuts
